 Dungeon Crawl Stone Soup version 0.24-a0-582-g4d4af813a0 (webtiles) character file.

Game seed: 18303030603163011428

10374 DasRunzen the Fighter (level 11, 0/101 HPs)
             Began as a Minotaur Fighter on Aug 26, 2019.
             Was a High Priest of Okawaru.
             Slain by a wolf (7 damage)
             ... on level 1 of the Lair of Beasts on Aug 27, 2019.
             The game lasted 00:23:04 (8378 turns).

DasRunzen the Fighter (Minotaur Fighter)            Turns: 8378, Time: 00:23:05

Health: 0/101      AC: 12    Str: 22    XL:     11   Next: 35%
Magic:  14/14      EV:  9    Int:  5    God:    Okawaru [*****.]
Gold:   546        SH: 12    Dex: 12    Spells: 10/10 levels left

rFire    . . .     SeeInvis .   a - +1 war axe
rCold    . . .     Gourm    .   c - +0 shield
rNeg     . . .     Faith    .   b - +0 scale mail
rPois    +         Spirit   .   p - +2 hat
rElec    +         Reflect  .   t - +0 cloak
rCorr    .         Harm     .   e - +2 pair of gloves
MR       .....     Clarity  +   (no boots)
Stlth    ..........             w - amulet of regeneration
HPRegen  0.66/turn              h - ring of Panentheism {rElec rPois}
MPRegen  0.14/turn              g - ring of wizardry

@: no status effects
A: retaliatory headbutt, horns 2, clarity, deformed body, sense surroundings 1
a: Heroism, Finesse, Renounce Religion


You were on level 1 of the Lair of Beasts.
You worshipped Okawaru.
Okawaru was extremely pleased with you.
You were very hungry.

You visited 3 branches of the dungeon, and saw 11 of its levels.

You collected 546 gold pieces.

Inventory:

Hand Weapons
 a - a +1 war axe (weapon)
 B - a +0 trident of protection
Armour
 b - a +0 scale mail (worn)
 c - a +0 shield (worn)
 e - a +2 pair of gloves (worn)
 p - a +2 hat (worn)
 t - a +0 cloak (worn)
Jewellery
 g - a ring of wizardry (right hand)
 h - the ring of Panentheism (left hand) {rElec rPois}
   (You found it on level 6 of the Dungeon)

   [ring of poison resistance]

   It insulates you from electricity.
   It protects you from poison.
 k - an uncursed ring of ice
 w - an amulet of regeneration (around neck)
 y - an uncursed ring of protection from magic {unknown}
 F - an uncursed ring of ice
Wands
 m - a wand of disintegration (9)
 s - a wand of digging (7)
 u - a wand of acid (10)
 z - a wand of enslavement (7)
 D - a wand of paralysis (9)
Scrolls
 l - 8 scrolls of teleportation
 v - a scroll of amnesia
 C - 2 scrolls of remove curse
 H - a scroll of blinking
Potions
 d - 2 potions of might
 i - a potion of magic
 j - 5 potions of haste
 n - 6 potions of curing
 o - 2 potions of heal wounds
 q - 4 potions of ambrosia {unknown}
 r - 2 potions of lignification {unknown}
 x - 3 potions of berserk rage {unknown}
 A - 2 potions of cancellation {unknown}
Comestibles
 f - 18 rations


   Skills:
 + Level 10.7 Fighting
 + Level 10.4 Axes
 + Level 10.7 Armour
 + Level 10.7 Shields
 + Level 5.9 Invocations


You had 10 spell levels left.
You didn't know any spells.
Your spell library contained the following spells:

 Spells                   Type           Power        Failure   Level  Hunger
 Flame Tongue             Conj/Fire      #....        58%         1    ##.....
 Infusion                 Chrm           #...         58%         1    ##.....
 Magic Dart               Conj           #...         58%         1    ##.....
 Sandblast                Erth           #.....       58%         1    ##.....
 Blink                    Tloc           N/A          73%         2    ###....
 Call Imp                 Summ           #.......     73%         2    ###....
 Passwall                 Tmut/Erth      #.......     73%         2    ###....
 Shroud of Golubria       Chrm/Tloc      #.....       73%         2    ###....
 Slow                     Hex            #.......     73%         2    ###....
 Song of Slaying          Chrm           #.......     73%         2    ###....
 Throw Flame              Conj/Fire      #.....       73%         2    ###....
 Conjure Flame            Conj/Fire      #.......     91%         3    ####...
 Inner Flame              Hex/Fire       #.......     91%         3    ####...
 Mephitic Cloud           Conj/Pois/Air  #.......     91%         3    ####...
 Regeneration             Chrm/Necr      #.........   91%         3    ####...
 Spectral Weapon          Hex/Chrm       #.......     91%         3    ####...
 Stone Arrow              Conj/Erth      #.....       91%         3    ####...
 Petrify                  Tmut/Erth      #.......     100%        4    #####..
 Sticky Flame             Conj/Fire      #.......     100%        4    #####..
 Fireball                 Conj/Fire      #.........   100%        5    ######.
 Lee's Rapid Deconstruct  Erth           #.........   100%        5    ######.


Dungeon Overview and Level Annotations

Branches:
Dungeon (9/15)             Temple (1/1) D:6            Lair (1/6) D:8
    Orc (0/2) D:9

Altars:
Ashenzari
Cheibriados
Dithmenos
Elyvilon
Fedhas
Gozag
Hepliaklqana
Kikubaaqudgha
Makhleb
Nemelex Xobeh
Okawaru
Qazlal
Ru
Sif Muna
Trog
Uskayaw
Vehumet
Wu Jian
Xom
Yredelemnul
Zin
The Shining One

Shops:
D:4 (   D:6 %%


Innate Abilities, Weirdness & Mutations

You reflexively headbutt those who attack you in melee.
You have a pair of horns on your head.
You possess an exceptional clarity of mind.
Armour fits poorly on your strangely shaped body.
You passively map a small area around you.


Message History

The wolf is heavily wounded.
The wolf closely misses you. You furiously retaliate!
You headbutt the wolf! The wolf barely misses you.
You hit the wolf but do no damage.
The wolf is severely wounded.
The wolf bites you but does no damage. You block the wolf's attack.
Your scale mail prevents you from hitting the wolf.
You headbutt the wolf, but do no damage.
The wolf is severely wounded.
The wolf misses you.
You closely miss the wolf. Your headbutt misses the wolf.
The wolf is severely wounded.
The wolf bites you.
* * * LOW HITPOINT WARNING * * *
The wolf barely misses you. You furiously retaliate!
You headbutt the wolf, but do no damage.
You hit the wolf but do no damage.
The wolf is severely wounded.
The wolf bites you!
You die...

......# *##.# , ,
####..#######...##,***,
, , ##............... *
* .......[####... ,
#.......####†#
###..........## * . *
##...##.#...## * ... *
*
#########...#####.....
, ###.>@hk....#
#####....## *##..... **
##.., , , # * , ,


You could see a rime drake and a wolf.

Vanquished Creatures
  Gastronok (D:8)
  A hydra (Lair:1)
  A two-headed ogre (D:8)
  A black mamba (Lair:1)
  A spiny frog (Lair:1)
  Psyche (D:8)
  Grinder (D:6)
  Prince Ribbit (D:8)
  A hippogriff (D:8)
  Sigmund (D:6)
  3 yaks (Lair:1)
  Edmund (D:6)
  Menkaure (D:6)
  A porcupine (D:8)
  A water moccasin (D:6)
  6 orc warriors
  2 sky beasts
  A swamp drake (D:9)
  An ice beast (D:9)
  3 phantoms
  5 ogres
  3 wolves (Lair:1)
  A crocodile (D:8)
  6 bullfrogs
  Blork the orc (D:5)
  4 scorpions
  11 killer bees (D:8)
  A howler monkey (D:7)
  A wight (D:6)
  5 crimson imps
  7 hounds
  2 quasits
  2 jellies
  7 orc priests
  2 centaur skeletons
  13 orc wizards
  7 worker ants
  Crazy Yiuf (D:4)
  3 iguanas
  A hound zombie (D:8)
  A worker ant zombie (D:6)
  10 gnolls
  9 adders
  4 shadow imps
  An adder skeleton (D:8)
  2 adder zombies (D:5)
  3 worms
  A dart slug (D:3)
  4 leopard geckos
  46 orcs
  6 bats
  7 giant cockroaches
  9 goblins
  7 hobgoblins
  11 jackals
  2 kobolds
  2 quokkas (D:9)
  4 frilled lizards
  A giant cockroach zombie (D:6)
  A jackal skeleton (D:6)
  A leopard gecko skeleton (D:4)
  A leopard gecko zombie (D:7)
  A quokka skeleton (D:6)
  2 quokka zombies
  19 rats
  A fungus (Lair:1)
  A plant (D:8)
270 creatures vanquished.

Vanquished Creatures (others)
  7 fungi (D:8)
  4 plants (D:8)
11 creatures vanquished.

Grand Total: 281 creatures vanquished

Notes
Turn   | Place    | Note
-------+----------+-------------------------------------------
     0 | D:1      | DasRunzen the Minotaur Fighter began the quest for the Orb.
     0 | D:1      | Reached XP level 1. HP: 19/19 MP: 0/0
    95 | D:1      | Reached XP level 2. HP: 20/27 MP: 1/1
   635 | D:2      | Reached XP level 3. HP: 33/33 MP: 2/2
   764 | D:2      | Reached XP level 4. HP: 39/40 MP: 3/3
   861 | D:2      | Found a hazy altar of Hepliaklqana.
  1408 | D:3      | Reached XP level 5. HP: 42/47 MP: 4/4
  1887 | D:3      | Reached skill level 5 in Shields
  1912 | D:3      | Reached skill level 5 in Fighting
  1916 | D:3      | Reached skill level 5 in Armour
  2287 | D:4      | Found Mobb's Antique Weapon Shop.
  2390 | D:4      | Reached XP level 6. HP: 56/56 MP: 5/5
  2424 | D:4      | Found a runed translucent door.
  2425 | D:4      | Noticed Crazy Yiuf
  2843 | D:4      | Gained mutation: You passively map a small area around you.
                  | [potion of mutation]
  2843 | D:4      | Gained mutation: Armour fits poorly on your strangely
                  | shaped body. [potion of mutation]
  2843 | D:4      | Gained mutation: You possess an exceptional clarity of
                  | mind. [potion of mutation]
  2920 | D:4      | Found a stormy altar of Qazlal.
  3195 | D:4      | Reached skill level 5 in Axes
  3195 | D:4      | Reached XP level 7. HP: 5/62 MP: 6/6
  3617 | D:4      | Killed Crazy Yiuf
  3676 | D:5      | Entered Level 5 of the Dungeon
  4058 | D:5      | Found a basalt altar of Yredelemnul.
  4507 | D:5      | Noticed Blork the orc
  4527 | D:5      | Killed Blork the orc
  5197 | D:6      | Got a fine ivory ring
  5202 | D:6      | Found a staircase to the Ecumenical Temple.
  5218 | Temple   | Entered the Ecumenical Temple
  5242 | Temple   | Became a worshipper of Warmaster Okawaru
  5349 | D:6      | Noticed Edmund
  5359 | D:6      | Killed Edmund
  5359 | D:6      | Reached XP level 8. HP: 60/71 MP: 7/7
  5391 | D:6      | Found Yheasos's Food Shop.
  5450 | D:6      | Noticed Grinder
  5453 | D:6      | Paralysed by Grinder for 6 turns
  5460 | D:6      | Killed Grinder
  5460 | D:6      | Reached * piety under Okawaru
  5465 | D:6      | Identified the ring of Panentheism {rElec rPois} (You found
                  | it on level 6 of the Dungeon)
  5841 | D:6      | Reached ** piety under Okawaru
  5917 | D:6      | Noticed Menkaure
  5923 | D:6      | Killed Menkaure
  5923 | D:6      | Reached XP level 9. HP: 66/81 MP: 8/8
  5930 | D:6      | Found Wotyskoa's Food Shop.
  5993 | D:6      | Noticed Sigmund
  6009 | D:6      | Killed Sigmund
  6195 | D:7      | Reached skill level 1 in Invocations
  6347 | D:7      | Reached *** piety under Okawaru
  6469 | D:7      | Found an ornate altar of the Wu Jian Council.
  6559 | D:7      | Got a fine lead amulet
  6806 | D:8      | Noticed a two-headed ogre
  6818 | D:8      | Killed a two-headed ogre
  6818 | D:8      | Reached **** piety under Okawaru
  6818 | D:8      | Reached XP level 10. HP: 58/91 MP: 9/11
  6865 | D:8      | Noticed Psyche
  6879 | D:8      | Killed Psyche
  6968 | D:8      | Noticed Prince Ribbit
  7273 | D:8      | Noticed Gastronok
  7274 | D:8      | Found a staircase to the Lair.
  7296 | D:8      | Killed Gastronok
  7296 | D:8      | Reached ***** piety under Okawaru
  7296 | D:8      | Reached skill level 10 in Fighting
  7296 | D:8      | Reached skill level 10 in Armour
  7296 | D:8      | Reached skill level 10 in Shields
  7483 | D:8      | Reached skill level 5 in Invocations
  7635 | D:8      | Killed Prince Ribbit
  7650 | D:8      | Found a shimmering blue altar of Sif Muna.
  7650 | D:8      | Found a shimmering altar of Xom.
  7661 | D:8      | Identified the amulet "Wigaydghesm" {Inacc *Slow MR+ Int+4}
                  | (You found it on level 7 of the Dungeon)
  7718 | D:9      | Received a gift from Okawaru
  7823 | D:9      | Reached XP level 11. HP: 74/100 MP: 13/13
  7849 | D:9      | Reached skill level 10 in Axes
  7855 | D:9      | Found a staircase to the Orcish Mines.
  8258 | Lair:1   | Entered Level 1 of the Lair of Beasts
  8318 | Lair:1   | Noticed a four-headed hydra
  8333 | Lair:1   | Killed a four-headed hydra
  8370 | Lair:1   | HP: 5/101 [wolf (6)]
  8378 | Lair:1   | Slain by a wolf

Levels and vault maps discovered:
D:1:      erik_arrival_orb_chamber, layout_loops_ring, eino_curves_04
D:2:      layout_loops_ring, nicolae_overflow_crystal_walls, grunt_ministairs_10
D:3:      minmay_bubble_buster, layout_loops_ring, grunt_decor_one_mirror
D:4:      layout_cave_pods, serial_shops, shop_coins,
          nicolae_qazlal_general_emergency, uniq_crazy_yiuf_cottage
D:5:      layout_basic, first_ration, basic_altar, uniq_blork_the_orc
D:6:      layout_rooms, temple_doors_cd, serial_shops, shop_fountains,
          kennysheep_mini, minmay_fractal_squares_5, uniq_menkaure,
          uniq_sigmund, uniq_grinder, uniq_edmund
D:7:      layout_rooms, kennysheep_little_box
D:8:      layout_basic, gammafunk_temple_overflow_elements,
          grunt_lair_entry_orc_guard_hut, uniq_prince_ribbit1, uniq_psyche,
          uniq_gastronok
D:9:      layout_rooms, erik_orc_1
Temple:   regret_index_temple_mists
Lair:1:   layout_misc_corridors

Skill      XL: |  1  2  3  4  5  6  7  8  9 10 11 |
---------------+----------------------------------+-----
Shields        | 4 5 6 7 9 10 | 10.7
Fighting       | 4 5 6 8 9 10 | 10.7
Armour         | 4 5 6 7 9 10 | 10.7
Axes           | 3 4 5 6 7 8 9 10 | 10.4
Invocations    | 3 5 |  5.9

Action                   |  1- 3 |  4- 6 |  7- 9 | 10-12 || total
-------------------------+-------+-------+-------+-------++-------
Melee: War axe           |    59 |   143 |   331 |   336 ||   869
       Headbutt          |     9 |    23 |    53 |    72 ||   157
       Unarmed           |       |       |       |    18 ||    18
       Trident           |       |       |       |    19 ||    19
Invok: Heroism           |       |       |     1 |       ||     1
  Use: Scroll            |     5 |     8 |     5 |     1 ||    19
       Potion            |       |     1 |       |       ||     1
 Stab: Confused          |       |       |       |     2 ||     2
  Eat: Chunk             |       |     6 |    14 |     4 ||    24
Armor: Scale mail        |    21 |    83 |   139 |   120 ||   363
       Skin              |       |       |       |     2 ||     2
Dodge: Dodged            |    12 |    56 |    96 |   111 ||   275
Block: Shield            |    23 |    69 |   192 |   216 ||   500

Table legend:
 A = Non-vault XP
 B = Vault XP
 C = Vault XP percentage of total XP
 D = Non-vault monster count
 E = Vault monster count
 F = Vault count percentage of total count
                 A         B        C        D         E       F
            +---------+---------+-------+---------+---------+-------
      Total |    9564 |    5256 |  35.5 |     205 |      63 |  23.5
            +---------+---------+-------+---------+---------+-------
        D:1 |      28 |      12 |  30.0 |      15 |      12 |  44.4
        D:2 |      62 |      10 |  13.9 |       9 |       5 |  35.7
        D:3 |     193 |      46 |  19.2 |      31 |       9 |  22.5
        D:4 |     386 |      36 |   8.5 |      14 |       1 |   6.7
        D:5 |     478 |      91 |  16.0 |      15 |       1 |   6.2
        D:6 |     804 |    1101 |  57.8 |      22 |      11 |  33.3
        D:7 |     724 |       0 |   0.0 |      16 |       0 |   0.0
        D:8 |    2621 |    3406 |  56.5 |      45 |       7 |  13.5
        D:9 |    1394 |     554 |  28.4 |      29 |      17 |  37.0
     Lair:1 |    2874 |       0 |   0.0 |       9 |       0 |   0.0
            +---------+---------+-------+---------+---------+-------
